 Dungeon Crawl Stone Soup version 0.25.1-2-g60ff931df9 (webtiles) character file.

Game seed: 11235248095811010941

30 Descartes the Magician (level 3, -1/19 HPs)
             Began as a Deep Elf Wizard on Aug 9, 2020.
             Slain by a jackal (2 damage)
             ... on level 2 of the Dungeon.
             The game lasted 00:02:41 (928 turns).

Descartes the Magician (Deep Elf Wizard)             Turns: 928, Time: 00:02:41

Health: -1/19      AC:  2    Str:  5    XL:     3   Next: 3%
Magic:  6/11       EV: 13    Int: 22    God:
Gold:   94         SH:  0    Dex: 13    Spells: 10/11 levels left

rFire    . . .     SeeInvis .   a - +0 dagger
rCold    . . .     Gourm    .   (no shield)
rNeg     . . .     Faith    .   f - +0 robe
rPois    .         Spirit   .   l - +0 hat
rElec    .         Reflect  .   (no cloak)
rCorr    .         Harm     .   (no gloves)
MR       .....                  (no boots)
Stlth    ++........             (no amulet)
HPRegen  0.06/turn              (no ring)
MPRegen  0.12/turn              (no ring)

@: no status effects
A: no striking features
a: no special abilities


You were on level 2 of the Dungeon.
You were not hungry.

You visited 1 branch of the dungeon, and saw 2 of its levels.

You collected 94 gold pieces.

Inventory:

Hand Weapons
 a - a +0 dagger (weapon)
 b - a +0 hunting sling
Missiles
 n - 13 bolts
Armour
 f - a +0 robe (worn)
 g - a +0 leather armour
 l - a +0 hat (worn)
Scrolls
 h - 3 scrolls of identify
 k - a scroll of blinking {unknown}
 p - a scroll of fear {unknown}
Potions
 i - 2 potions of stabbing
 m - a potion of heal wounds {unknown}
 o - a potion of berserk rage {unknown}
Comestibles
 d - 3 rations


   Skills:
 + Level 3.0 Dodging
 + Level 3.1 Stealth
 + Level 4.8 Spellcasting
 + Level 1.9 Conjurations
   Level 1.1 Summonings
   Level 1.1 Translocations


You had 10 spell levels left.
You knew the following spells:

 Your Spells              Type           Power        Failure   Level  Hunger
a - Magic Dart            Conj           ##..         4%          1    None

Your spell library contained the following spells:

 Spells                   Type           Power        Failure   Level  Hunger
 Blink                    Tloc           N/A          10%         2    None
 Call Imp                 Summ           ##......     10%         2    None
 Slow                     Hex            #.......     16%         2    None
 Conjure Flame            Conj/Fire      #.......     21%         3    ##.....
 Mephitic Cloud           Conj/Pois/Air  #.......     24%         3    ##.....


Dungeon Overview and Level Annotations

Branches:
Dungeon (2/15)

Altars:


Message History

The ball python barely misses you.
Unknown command.
As you read the scroll labeled INAULL ZA HYCW, it crumbles to dust.
It is a scroll of identify.
i - 2 potions of stabbing The jackal barely misses you.
The hobgoblin misses you. The ball python closely misses you. x2
As you read the scroll labeled BIJUMIYTOC, it crumbles to dust.
The scroll dissolves into smoke.
It was a scroll of fog.
The jackal completely misses you.
The ball python bites you but does no damage.
The ball python completely misses you. The hobgoblin misses you.
The jackal bites you.
* * * LOW HITPOINT WARNING * * *
As you read the scroll labeled YMNERH MAFIOSEROMI, it crumbles to dust.
You feel blessed for a moment.
It was a scroll of remove curse.
The jackal bites you.
* * * LOW HITPOINT WARNING * * *
The jackal bites you.
You die...

############
##..........##
##....§§§.....##
#....§h@§§.....#
#?...§hSg§.....#
#....§§K§......#
#..............#
##
#..............#
.##
##............##
..#
##..........##
$.#
#..#.#########
..#
###.#..##......##


You could see 2 jackals, a hobgoblin, a ball python and a kobold.

Vanquished Creatures
  An adder (D:2)
  A dart slug (D:1)
  3 bats (D:1)
  3 hobgoblins (D:1)
  A kobold (D:1)
  A quokka (D:2)
  A frilled lizard (D:1)
  3 goblins (D:1)
  5 rats (D:1)
19 creatures vanquished.

Notes
Turn   | Place    | Note
-------+----------+-------------------------------------------
     0 | D:1      | Descartes the Deep Elf Wizard began the quest for the Orb.
     0 | D:1      | Reached XP level 1. HP: 10/10 MP: 7/7
   321 | D:1      | Reached XP level 2. HP: 15/15 MP: 7/9
   890 | D:2      | Reached XP level 3. HP: 18/19 MP: 7/11
   928 | D:2      | Slain by a jackal

Illustrated notes

Levels and vault maps discovered:
D:1:      nicolae_arrival_memento_mori, layout_basic
D:2:      layout_rooms

Skill      XL: |  1  2 |
---------------+-------+-----
Dodging        | 3 |  3.0
Stealth        | 3 |  3.1
Spellcasting   | |  4.8
Conjurations   | |  1.9
Summonings     | |  1.1
Translocations | |  1.1

Action                   || total
-------------------------++-------
 Cast: Magic Dart        ||    49
  Use: Scroll            ||     3
Armor: Robe              ||     3
Dodge: Dodged            ||    26
